 Dungeon Crawl Stone Soup version 0.16.1-18-g436b03c (webtiles) character file.

56 drasked the Chopper (level 3, -5/34 HPs)
             Began as a Gargoyle Berserker on May 3, 2015.
             Was a Priest of Trog.
             Killed by nerve-wracking pain
             ... invoked by Jessica
              (9 damage)
             ... on level 2 of the Dungeon.
             The game lasted 00:01:47 (1537 turns).

drasked the Chopper (Gargoyle Berserker)            Turns: 1537, Time: 00:01:47

Health: -5/34      AC:  8    Str: 26    XL:     3   Next: 97%
Magic:  3/3        EV: 11    Int:  7    God:    Trog [***...]
Gold:   91         SH:  0    Dex: 12    Spells: 0 memorised, 2 levels left

rFire  + . .     SeeInvis .     Y - +0 hand axe
rCold  . . .     Clarity  .     e - +0 ring mail
rNeg   + . .     SustAb   .     (no shield)
rPois  ∞         Gourm    .     (no helmet)
rElec  +         Spirit   .     (no cloak)
rCorr  .         Warding  .     (no gloves)
rMut   .         Stasis   .     (no boots)
MR     .....                    (no amulet)
Stlth  ..........               (no ring)
                                h - +5 ring of dexterity

@: berserking (expiring), slowed, not resistant to hostile enchantments,
extremely unstealthy
A: clumsy 1, fire resistance 1, negative energy resistance 1, electricity
resistance, unbreathing, petrification resistance, rot immunity, forlorn, AC +3
a: Burn Spellbooks, Berserk, Trog's Hand, Renounce Religion


You were on level 2 of the Dungeon.
You worshipped Trog.
Trog was most pleased with you.
You were hungry.

You visited 1 branch of the dungeon, and saw 2 of its levels.

You collected 91 gold pieces.


Innate Abilities, Weirdness & Mutations

You are resistant to torment.
You are immune to poison.
Your stone body is very resilient (AC +3).
You resist negative energy.
You are resistant to electric shocks.
You can survive without breathing.
You are immune to petrification.
You are immune to rotting.
You are clumsy. (Dex -2)
Your flesh is heat resistant.
You have difficulty communicating with the divine.


   Skills:
 - Level 3.2 Fighting
 + Level 4.2 Axes
 - Level 2.1 Armour
 - Level 1.5 Dodging


You had 2 spell levels left.
You didn't know any spells.

Inventory:

Hand weapons
 Y - a +0 hand axe (weapon)
Armour
 e - a +0 ring mail (worn)
Jewellery
 h - a +5 ring of dexterity (left hand)
Potions
 a - a potion of cure mutation {unknown}
 b - a potion of curing {unknown}
 f - a potion of poison {unknown}
Comestibles
 c - a bread ration
 d - a slice of pizza

Dungeon Overview and Level Annotations

Branches:
Dungeon (2/15)

Altars:
Okawaru
Xom

Annotations:
D:2 Ijyb, Jessica


Message History

You hit Ijyb.
Ijyb is moderately wounded.
Jessica zaps a wand.
Some rock shatters into small pieces.
Ijyb zaps a wand.
The magic dart hits you!
You slash Ijyb!
Ijyb is severely wounded.
Ijyb screams, "Get away!"
Ijyb barely misses you.
You completely miss Ijyb.
Ijyb is severely wounded.
Jessica casts a spell at you. Pain shoots through your body! Ijyb hits you.
You hit Ijyb.
Ijyb is severely wounded.
Ijyb closely misses you.
You barely miss Ijyb.
Ijyb is severely wounded.
Jessica casts a spell at you. Pain shoots through your body!
You die...

###.# #..# ....#
#..# ##### ##
#..#
.....###..#####
.............#
#..###..###.#
##.#..# #..# #.#
.......g##..###.#
#..w...%@....##.#
.......%###.###.#
.#.#... #.# #.#
#... #.# #.# #.@.
#.# #.# .?.. ...
..# ..... ## ##..
.


You could see Ijyb, a worm and Jessica.

Vanquished Creatures
  2 giant geckos
  5 hobgoblins (D:1)
  3 jackals (D:2)
  A ball python (D:1)
  5 bats
  4 giant cockroaches
  7 giant newts
  6 goblins
  6 kobolds
  A quokka (D:2)
  18 rats
58 creatures vanquished.

Notes
Turn   | Place    | Note
--------------------------------------------------------------
     0 | D:1      | drasked, the Gargoyle Berserker, began the quest for the Orb.
     0 | D:1      | Reached XP level 1. HP: 14/14 MP: 1/1
     0 | D:1      | 0 ||| counter = 26
    79 | D:1      | Reached skill level 3 in Axes
    88 | D:1      | Reached XP level 2. HP: 19/19 MP: 2/2
   117 | D:1      | Acquired Trog's second power
   488 | D:1      | Reached XP level 3. HP: 23/23 MP: 3/3
   811 | D:1      | Reached skill level 4 in Axes
   987 | D:1      | 987 ||| UPGRADING to ring mail.
   997 | D:1      | 997 ||| DROPPING +0 animal skin.
   998 | D:1      | 998 ||| READING 2 scrolls labeled EREFOE LAIB.
   999 | D:1      | 999 ||| READING scroll labeled RONOTE MIEGH.
  1000 | D:1      | 1000 ||| READING scroll labeled FULETU HEFIVO.
  1001 | D:1      | 1001 ||| READING scroll labeled VIYKERCH SKYRIOW.
  1002 | D:1      | 1002 ||| DRINKING 3 bubbling red potions.
  1002 | D:1      | Gained mutation: You are clumsy. (Dex -2) [potion of mutation]
  1002 | D:1      | Gained mutation: You have difficulty communicating with the divine. [potion of mutation]
  1002 | D:1      | Gained mutation: Your flesh is heat resistant. [potion of mutation]
  1003 | D:1      | 1003 ||| READING scroll of identify.
  1003 | D:1      | 1003 ||| IDENTIFYING encrusted marble ring
  1004 | D:1      | 1004 ||| UPGRADING to +5 ring of dexterity.
  1022 | D:2      | 1022 ||| STAIRDANCE
  1262 | D:2      | Found an iron altar of Okawaru.
  1358 | D:2      | Found a shimmering altar of Xom.
  1526 | D:2      | Noticed Ijyb
  1527 | D:2      | Noticed Jessica
  1531 | D:2      | 1531 ||| INVOKING Berserk.
  1535 | D:2      | HP: 6/34 [Jessica/nerve-wracking pain (7)]
  1537 | D:2      | Killed from afar by Jessica

Vault maps used:
D:1:      erik_arrival_orb_chamber
D:2:      lemuel_coloured_pillars_altar, okawaru_trees_1, bh_walls_and_bars,
          uniq_jessica, uniq_iyjb, uniq_crazy_yiuf_cottage, uniq_sigmund

Action                   || total
-------------------------++-------
Melee: Hand axe          ||   162
Invok: Berserk           ||     1
  Use: Scroll            ||     5
       Potion            ||     1
  Eat: Chunk             ||     2
